r e k t, neutral male scurrid Tourist --------------- |.%%%%%..%...(| |||.%%|..%%...| |...(..WW(..%.| |......Z@.....| ----------- --- r e k t the Rambler Experience level: 1 Strength: 11 Dexterity: 16 Constitution: 14 Intelligence: 11 Wisdom: 9 Charisma: 14 Health: 0(9) Energy: 2(2) Def: 0 Gold: 29 Moves: 38 Dungeon seed: 751ATnbuRNBwaL2G Game ID: r e k t_1498624949 Your Inventory: Coins $ - 29 gold pieces Weapons a - 48 uncursed +2 darts (in quiver) Armor e - an uncursed +0 Hawaiian shirt (being worn) Comestibles b - 2 uncursed food rations c - 2 uncursed cram rations d - 2 uncursed tripe rations f - an uncursed chestnut g - an uncursed pear h - 3 uncursed fortune cookies i - an uncursed egg Scrolls k - 4 uncursed scrolls of magic mapping Potions j - 2 uncursed potions of extra healing Wands n - an uncursed wand of secret door detection (0:13) Tools l - an uncursed expensive camera (0:94) m - an uncursed credit card o - an uncursed leash Spells and supernatural/magical abilities: Name Level Category Fail Memory W - pray for help -- divine ? -- Your skills at the end: Miscellaneous Skills wands [Basic] Weapon Skills dart [Basic] Spellcasting Skills Final Attributes: You were devoutly aligned. You had infravision. You were very stealthy. You are dead. Voluntary challenges: You went without food. You did not adorn yourself with jewelry or accessories. You did not cause conflict. You were not invisible. You did not have reflection. You were not displaced. You were an atheist. You never hit with a wielded weapon. You were a pacifist. You did not use tools. You did not use plumbed fixtures. You did not drink any magical draughts. You were illiterate. You never genocided any monsters. You never polymorphed an object. You never changed form. You used no wishes. You never split a pudding. You never wrote Elbereth's name. You never violated your personal moral code. Dungeon overview: The Dungeons of Doom: levels 1 to 16 Level 1 a long staircase Level 2 a fountain Level 3 Level 4 Level 5 Level 6 Level 7 Level 8 Level 9 an altar to Offler Level 10 Level 11 Level 12 Level 13 Level 14 Level 15 Level 16 <- You were here History has recorded: On T:1 you entered the Dungeons of Doom to retrieve the Amulet of Yendor! On T:4 you reached level 2 of The Dungeons of Doom. On T:6 you reached level 3 of The Dungeons of Doom. On T:8 you reached level 4 of The Dungeons of Doom. On T:10 you reached level 5 of The Dungeons of Doom. On T:13 you reached level 6 of The Dungeons of Doom. On T:15 you reached level 7 of The Dungeons of Doom. On T:17 you reached level 8 of The Dungeons of Doom. On T:19 you reached level 9 of The Dungeons of Doom. On T:22 you reached level 10 of The Dungeons of Doom. On T:25 you reached level 11 of The Dungeons of Doom. On T:28 you reached level 12 of The Dungeons of Doom. On T:30 you reached level 13 of The Dungeons of Doom. On T:32 you reached level 14 of The Dungeons of Doom. On T:34 you reached level 15 of The Dungeons of Doom. On T:37 you reached level 16 of The Dungeons of Doom. Score breakdown: Gold: 0 ( 0 points) Experience: 1 level ( 0 points) Exploration: 16 levels ( 450 points) Discoveries: 1 item ( 50 points) Variety of kills: 0 monsters ( 0 points) Major goal: (nothing yet) ( 0 points) Survival: died (score multiplied by 3) Total score: 1500 Latest messages: You continue digging downward. You dig a pit in the floor. You continue digging downward. You dig a hole through the floor. You fall through... You start digging downward. You continue digging downward. You dig a pit in the floor. You continue digging downward. You dig a hole through the floor. You fall through... You have an uncanny feeling... The wraith drinks an orange potion! The wraith seems more experienced. The elf zombie scratches the orc zombie. The wraith touches you! (2x) You start digging downward. You continue digging downward. You dig a pit in the floor. You hear some noises. The wraith touches you! You die... Your body rises from the dead as a wraith... Final status: Aloha r e k t the Tourist, killed by a wraith... You died in The Dungeons of Doom on dungeon level 16 with 1500 points, and 29 pieces of gold, after 38 moves. You were level 1 with a maximum of 9 hit points when you died.